 Dungeon Crawl Stone Soup version 0.20-a0-1018-ge435b50 (webtiles) character file.

946 George the Slasher (level 7, -3/61 HPs)
             Began as a Minotaur Fighter on Apr 17, 2017.
             Was a Priest of Okawaru.
             Slain by a gnoll sergeant
             ... wielding a +2 trident of venom
              (6 damage)
             ... on level 5 of the Dungeon.
             The game lasted 00:05:25 (3709 turns).

George the Slasher (Minotaur Fighter)               Turns: 3709, Time: 00:05:25

Health: -3/61      AC: 11    Str: 19 (22) XL:     7   Next: 89%
Magic:  8/8        EV:  6    Int:  9 (10) God:    Okawaru [***...]
Gold:   209        SH:  0    Dex:  7 (10) Spells: 6/6 levels left

rFire    . . .     SeeInvis .   r - +0 scimitar
rCold    . . .     Gourm    .   c - +0 shield
rNeg     . . .     Faith    +   n - +0 chain mail
rPois    .         Spirit   .   (helmet restricted)
rElec    .         Reflect  .   A - +0 cloak
rCorr    +         Harm     .   (no gloves)
MR       .....                  (no boots)
Stlth    ..........             m - amulet of faith
Regen    0.2/turn               k - ring of resist corrosion
MPRegen  0.2/turn               (no ring)

@: confused, brilliant, lethally poisoned (-3 -> -35)
A: retaliatory headbutt, horns 2
a: Heroism, Renounce Religion


You were on level 5 of the Dungeon.
You worshipped Okawaru.
Okawaru was most pleased with you.
You were not hungry.

You visited 1 branch of the dungeon, and saw 6 of its levels.

You collected 209 gold pieces.

Inventory:

Hand Weapons
 p - a +2 rapier of speed
 r - a +0 scimitar (weapon)
Armour
 c - a +0 shield (worn)
 n - a +0 chain mail (worn)
 A - a +0 cloak (worn)
Jewellery
 k - a ring of resist corrosion (left hand)
 m - an amulet of faith (around neck)
Wands
 y - a wand of polymorph (11/24)
Scrolls
 a - a scroll of amnesia {unknown}
 b - 5 scrolls of identify {unknown}
 h - 2 scrolls of remove curse {unknown}
 i - 3 scrolls of teleportation {unknown}
 s - a scroll of noise {unknown}
 u - 2 scrolls of immolation {unknown}
 w - a scroll of fear {unknown}
 x - 2 scrolls of random uselessness {unknown}
 z - 2 scrolls of recharging {unknown}
Potions
 d - a potion of might
 e - 4 potions of brilliance
 o - a potion of curing {unknown}
 t - a potion of haste {unknown}
Comestibles
 f - 3 bread rations
 l - 3 fruits
 q - 3 royal jellies
 v - a meat ration
 B - 2 chunks of flesh


   Skills:
 + Level 5.5 Fighting
 * Level 6.4 Long Blades
 + Level 5.3 Armour
 + Level 3.4 Dodging
 + Level 5.4 Shields
 + Level 2.9 Invocations


You had 6 spell levels left.
You didn't know any spells.

Dungeon Overview and Level Annotations

Branches:
Dungeon (6/15)
 Temple: D:4-7

Altars:
Okawaru
Wu Jian

Shops:
D:4 %


Innate Abilities, Weirdness & Mutations

You reflexively headbutt those who attack you in melee.
You have a pair of horns on your head.


Message History

It was a potion of ambrosia.
You are confused.
You feel invigorated.
* * * LOW HITPOINT WARNING * * *
You feel very sick.
The gnoll sergeant hits you but does no damage.
You are more poisoned.
You bump into the rock wall.
* * * LOW HITPOINT WARNING * * *
You feel very sick. The gnoll hits you but does no damage.
The gnoll sergeant closely misses you.
It was a potion of degeneration.
There was something very wrong with that liquid.
You feel weakened.
You feel dopey.
You feel clumsy.
* * * LOW HITPOINT WARNING * * *
You feel very sick. The gnoll hits you with a flail.
* * * LOW HITPOINT WARNING * * *
The gnoll sergeant hits you with a trident of venom.
You die...

#............#
###............#
#....#.........# .
#....##........# ..
#....#.........# ...#
#..............# .....
#..............#
#.....#gg..#.........#
#..@>..#.........#
......))...##.......##
.............#.....##
.......#..##.##....#
.......##.##..#....#
....... ...##.#....#
[....## .... .######
###.. ..##.


You could see a gnoll sergeant and a gnoll.

Vanquished Creatures
  Eustachio (D:6)
  Edmund (D:4)
  A sky beast (D:6)
  A black bear (D:6)
  A phantom (D:5)
  An ogre (D:6)
  A bullfrog (D:6)
  Crazy Yiuf (D:4)
  2 orc wizards (D:6)
  Ijyb (D:4)
  An iguana (D:6)
  3 adders
  2 gnolls (D:5)
  A shadow imp (D:6)
  An ooze (D:3)
  2 worms (D:3)
  A dart slug (D:2)
  A leopard gecko (D:1)
  3 orcs
  9 giant cockroaches
  9 goblins
  10 hobgoblins
  3 jackals (D:1)
  6 quokkas
  2 ball pythons
  9 bats
  4 frilled lizards
  4 kobolds
  7 rats
89 creatures vanquished.

Notes
Turn   | Place    | Note
-------+----------+-------------------------------------------
     0 | D:1      | George the Minotaur Fighter began the quest for the Orb.
     0 | D:1      | Reached XP level 1. HP: 19/19 MP: 0/0
   113 | D:1      | Reached skill level 3 in Long Blades
   150 | D:1      | Reached XP level 2. HP: 26/26 MP: 1/1
   668 | D:2      | Found an iron altar of Okawaru.
   677 | D:2      | Became a worshipper of Warmaster Okawaru
   708 | D:2      | Reached XP level 3. HP: 26/33 MP: 2/2
   734 | D:2      | Found an ornate altar of the Wu Jian Council.
  1223 | D:3      | You fall through a shaft for 3 floors!
  1229 | D:6      | Noticed Eustachio
  1284 | D:6      | Killed Eustachio
  1284 | D:6      | Reached * piety under Okawaru
  1284 | D:6      | Reached skill level 4 in Long Blades
  1284 | D:6      | Reached skill level 1 in Dodging
  1284 | D:6      | Reached skill level 1 in Invocations
  1284 | D:6      | Reached XP level 4. HP: 25/41 MP: 3/3
  1284 | D:6      | Reached XP level 5. HP: 29/47 MP: 4/4
  1357 | D:6      | Noticed a sky beast
  1362 | D:6      | Killed a sky beast
  1362 | D:6      | Reached ** piety under Okawaru
  1362 | D:6      | Reached XP level 6. HP: 41/55 MP: 4/6
  1450 | D:6      | Reached skill level 5 in Fighting
  1450 | D:6      | Reached skill level 5 in Long Blades
  1776 | D:6      | Reached skill level 5 in Shields
  1776 | D:6      | Reached XP level 7. HP: 51/61 MP: 7/7
  1787 | D:6      | Reached *** piety under Okawaru
  1933 | D:5      | Entered Level 5 of the Dungeon
  1981 | D:5      | Reached skill level 6 in Long Blades
  2151 | D:4      | Reached skill level 5 in Armour
  2932 | D:4      | Noticed Ijyb
  2938 | D:4      | Killed Ijyb
  3005 | D:4      | Found Lirhinlutz's Food Shop.
  3093 | D:4      | Found a runed door.
  3352 | D:4      | Noticed Edmund
  3366 | D:4      | Killed Edmund
  3646 | D:4      | Noticed Crazy Yiuf
  3651 | D:4      | Killed Crazy Yiuf
  3706 | D:5      | HP: 3/61 [poisoned by a gnoll sergeant]
  3709 | D:5      | Slain by a gnoll sergeant

Vault maps used:
D:1:      dpeg_arrival_water_altar, kennysheep_nondescript
D:2:      overflow_temple_1_default, lemuel_doored_altar
D:3:      first_bread
D:4:      serial_shops, shop, minmay_misc_feat_chi, uniq_iyjb,
          uniq_crazy_yiuf_cottage, uniq_edmund
D:5:      minmay_temple_entry_water_ring, lemuel_statue_altar
D:6:      gammafunk_temple_overflow_wave, fedhas_altar_2, uniq_eustachio,
          uniq_duvessa

Skill      XL: |  1  2  3  4  5  6  7 |
---------------+----------------------+-----
Long Blades    | 3 4 5 6 |  6.4
Fighting       | 4 5 |  5.5
Armour         | 4 5 |  5.3
Dodging        | 1 2 3 |  3.4
Shields        | 4 5 |  5.4
Invocations    | 1 2 |  2.9

Action                   |  1- 3 |  4- 6 |  7- 9 || total
-------------------------+-------+-------+-------++-------
Melee: Long sword        |   125 |    37 |    40 ||   202
       Headbutt          |    15 |    10 |    20 ||    45
       Scimitar          |       |       |    87 ||    87
  Use: Potion            |       |       |     3 ||     3
  Eat: Chunk             |     1 |     2 |     6 ||     9
Armor: Scale mail        |    64 |       |       ||    64
       Chain mail        |    20 |    18 |    40 ||    78
Dodge: Dodged            |    43 |     9 |    31 ||    83
Block: Shield            |    99 |    21 |    47 ||   167
       Rpst.: Long sword |    15 |     1 |     2 ||    18
       Scimitar          |       |       |    10 ||    10
